 Dungeon Crawl Stone Soup version 0.27-a0-1513-g2aaa0cc67b (webtiles) character file.

Game seed: 12077748607295868099

42 bilbop the Caller (level 3, -5/20 HPs)
             Began as a Kobold Summoner on July 10, 2021.
             Slain by Sigmund (12 damage)
             ... on level 2 of the Dungeon.
             The game lasted 00:10:27 (2155 turns).

bilbop the Caller (Kobold Summoner)                 Turns: 2155, Time: 00:10:27

Health: -5/20      AC:  2    Str:  5    XL:     3   Next: 77%
Magic:  4/6        EV: 15    Int: 23    God:
Gold:   90         SH:  0    Dex: 15    Spells: 3/6 levels left

rFire    . . .     SeeInvis .   a - +4 dagger
rCold    . . .     Faith    .   (shield restricted)
rNeg     . . .     Spirit   .   e - +0 robe
rPois    .         Reflect  .   (no helmet)
rElec    .         Harm     .   (no cloak)
rCorr    .         Rampage  .   (no gloves)
Will     .....                  (no boots)
Stlth    +++.......             (no amulet)
HPRegen  0.06/turn              j - +6 ring of intelligence
MPRegen  0.10/turn              (no ring)

@: no status effects
A: small, no large weapons, nightstalker 3
a: no special abilities


You were on level 2 of the Dungeon.
You visited 1 branch of the dungeon, and saw 2 of its levels.

You collected 90 gold pieces.

Inventory:

Hand Weapons
 a - a +4 dagger (weapon)
 k - a +0 dagger
Armour
 e - a +0 robe (worn)
Jewellery
 g - an amulet of guardian spirit
 j - a +6 ring of intelligence (left hand)
Scrolls
 b - a scroll of fear {unknown}
 c - 2 scrolls of blinking {unknown}
 d - a scroll of teleportation {unknown}
 f - 2 scrolls of noise {unknown}
 h - 2 scrolls of identify {unknown}
 i - a scroll of immolation {unknown}


   Skills:
 + Level 1.1 Fighting
 + Level 1.4 Short Blades
 + Level 2.9 Dodging
 + Level 3.3 Stealth
 + Level 2.4 Spellcasting
 + Level 4.2 Summonings


You had 3 spell levels left.
You knew the following spells:

 Your Spells              Type           Power      Damage    Failure   Level
a - Summon Small Mammal   Summ           88%        N/A       2%          1
b - Call Imp              Summ           22%        N/A       3%          2

Your spell library contained the following spells:

 Spells                   Type           Power      Damage    Failure   Level
 Call Canine Familiar     Summ           22%        N/A       6%          3
 Summon Guardian Golem    Hex/Summ       12%        N/A       16%         3
 Summon Lightning Spire   Summ/Air       12%        N/A       45%         4


Dungeon Overview and Level Annotations

Branches:
Dungeon (2/15)

Altars:

Annotations:
D:2 Sigmund


Innate Abilities, Weirdness & Mutations

You are small and have problems with some larger weapons.
You are completely attuned to the shadows.


Message History

A quokka comes into view.
Casting: Call Imp (safe; 3% risk of failure)
Confirm with . or Enter, or press ? or * to list all spells.
A shadowy apparition takes form in the air.
Casting: Call Imp (safe; 3% risk of failure)
Confirm with . or Enter, or press ? or * to list all spells.
A beastly little devil appears in a puff of flame.
Your crimson imp says, "I yield to your service, O illustrious and greatest ruler!"
The quokka barely misses your crimson imp.
The quokka bites your crimson imp.
The quokka bites your shadow imp but does no damage.
Your shadow imp hits the quokka.
The quokka bites your shadow imp.
Your shadow imp closely misses the quokka.
The quokka bites your shadow imp.
The quokka closely misses your shadow imp.
Your shadow imp barely misses the quokka.
The quokka misses your shadow imp.
Your shadow imp hits the quokka.
The quokka dies!
Your crimson imp disappears in a puff of smoke!
Magic restored.
Sigmund the Dreaded comes into view.
He is wielding a +0 scythe.
Sigmund shouts!
Sigmund says, "Look into my eyes."
Sigmund barely misses you.
Found a chain mail.
You closely miss Sigmund. Sigmund misses you.
You hit Sigmund.
Sigmund is moderately wounded.
Sigmund closely misses you.
Casting: Call Imp (safe; 3% risk of failure)
Confirm with . or Enter, or press ? or * to list all spells.
A beastly little devil appears in a puff of flame.
Your shadow imp closely misses Sigmund.
Sigmund hits you with a +0 scythe!
Ouch! That really hurt!
You barely miss Sigmund.
Sigmund is moderately wounded.
Your shadow imp barely misses Sigmund.
Sigmund hits you with a +0 scythe!
Ouch! That really hurt!
You die...

)......)##...#
##.......##.##
##...##.#..#.#####.....#...#
###...#...##.....###.....###
#####...########...#.#####
..# ##### #...##### ..#
###...... ..## #####.#####
...# ##.....# ...## #5@#####
##..# #..@# ..#.##### #5..#
..#.....# #...# ..#.....#
#.[.# ......... .........
..........## ###.....#..#


You could see Sigmund (ally target), a friendly crimson imp (summoned) and a
friendly shadow imp (summoned).

Vanquished Creatures
  A worm (D:2)
  3 bats
  An endoplasm (D:1)
  2 goblins
  A hobgoblin (D:1)
  4 quokkas
  4 ball pythons
  A frilled lizard (D:1)
  2 kobolds (D:1)
19 creatures vanquished.

Vanquished Creatures (collateral kills)
  An ufetubus (D:2)
  A ball python (D:2)
  A bat (D:1)
  A giant cockroach (D:1)
  6 goblins
  A hobgoblin (D:1)
  6 jackals
  A quokka (D:2)
  2 kobolds
  2 rats
22 creatures vanquished.

Grand Total: 41 creatures vanquished

Notes
Turn   | Place    | Note
-------+----------+-------------------------------------------
     0 | D:1      | bilbop the Kobold Summoner began the quest for the Orb.
     0 | D:1      | Reached XP level 1. HP: 10/10 MP: 3/3
   304 | D:1      | Reached XP level 2. HP: 16/16 MP: 0/5
   891 | D:1      | Found a faded altar of an unknown god.
   973 | D:1      | Reached skill level 1 in Short Blades
   973 | D:1      | Reached XP level 3. HP: 13/20 MP: 4/6
  1526 | D:2      | Reached skill level 1 in Fighting
  1626 | D:2      | Learned a level 2 spell: Call Imp
  2150 | D:2      | Noticed Sigmund
  2155 | D:2      | Slain by Sigmund

Illustrated notes

Levels and vault maps discovered:
D:1:      giann_forest_graveyard, layout_rooms, ebering_ecumenical_altar_rust,
          hangedman_glass_teeth
D:2:      layout_rooms, basic_altar, minmay_tromino_v4_a, uniq_sigmund

Skill      XL: |  1  2  3 |
---------------+----------+-----
Stealth        | 3 |  3.3
Short Blades   | 1 |  1.4
Fighting       | 1 |  1.1
Dodging        | |  2.9
Spellcasting   | |  2.4
Summonings     | |  4.2

Action                   || total
-------------------------++-------
Melee: Dagger            ||    95
 Cast: Summon Small Mamm ||    31
       Call Imp          ||     5
 Stab: Sleeping          ||     9
       Distracted        ||     3
Armor: Robe              ||    20
Dodge: Dodged            ||    97

Table legend: (Time is in decaauts)
 A = Elapsed time spent in this place.
 B = Non-inter-level travel time spent in this place.
 C = Inter-level travel time spent in this place.
 D = Time resting spent in this place.
 E = Time spent auto-exploring this place.
 F = Levels seen in this place.
 G = Mean time per level.
                   A        B        C        D        E       F      G
               +--------+--------+--------+--------+--------+-----+--------+
         Total |   2149 |   2117 |     32 |    475 |   1306 |   2 | 1074.5 |
       Dungeon |   2149 |   2117 |     32 |    475 |   1306 |   2 | 1074.5 |
               +--------+--------+--------+--------+--------+-----+--------+

Top non-repeatable levels by time:
     D:1: 1265 daAuts
     D:2: 884 daAuts
